 Dungeon Crawl Stone Soup version 0.31-a0-259-g771a54ca4b (webtiles) character file.

Game seed: 8624269091583345067

113 qw the Shooter (level 4, -2/26 HPs)
             Began as a Gargoyle Hexslinger on July 13, 2023.
             Slain by Grinder (7 damage)
             ... on level 3 of the Dungeon.
             The game lasted 00:00:55 (1705 turns).

qw the Shooter (Gargoyle Hexslinger)                Turns: 1705, Time: 00:00:56

Health: -2/26      AC: 16    Str: 11    XL:     4   Next: 96%
Magic:  5/5        EV: 10    Int: 14    God:
Gold:   88         SH:  0    Dex: 14    Spells: 4/5 levels left

rFire   x x .        Y - +1 sling
rCold   x x .        (no shield)
rNeg    + . .        d - +0 ring mail
rPois   inf          (no helmet)
rElec   +            (no cloak)
rCorr   .            (no gloves)
SInv    .            (no boots)
Will    .....        b - amulet of Elemental Vulnerability {rPois rF-- rC-- AC+8}
Stlth   +            (no ring)
HPRegen 0.24/turn    (no ring)
MPRegen 0.09/turn

%: no passive effects
@: no status effects
A: sickness immunity, AC +3, negative energy resistance 1, electricity
resistance, torment resistance 1, petrification resistance
a: no special abilities


You were on level 3 of the Dungeon.
You visited 1 branch of the dungeon, and saw 3 of its levels.

You collected 88 gold pieces.


Innate Abilities, Weirdness & Mutations

You are immune to sickness and miasma.
Your stone body is resilient. (AC +3)
You are immune to poison.
You resist negative energy. (rN+)
You are resistant to electric shocks. (rElec)
You are resistant to unholy torment.
You are immune to petrification.


   Skills:
 - Level 2.2 Fighting
 + Level 4.3 Ranged Weapons
 - Level 1.1 Armour
 - Level 1.5 Dodging
 - Level 1.0 Spellcasting
 - Level 2.6 Hexes


You had 4 spell levels left.
You knew the following spells:

 Your Spells              Type           Power      Damage    Failure   Level
a - Slow                  Hex            32%        N/A       21%         1

Your spell library contained the following spells:

 Spells                   Type           Power      Damage    Failure   Level
 Inner Flame              Hex/Fire       4%         N/A       71%         3
 Portal Projectile        Hex/Tloc       8%         N/A       71%         3
 Cause Fear               Hex            4%         N/A       90%         4

Inventory:

Hand Weapons
 Y - a +1 sling (weapon)
Armour
 d - a +0 ring mail (worn)
Jewellery
 b - the amulet of Elemental Vulnerability (around neck) {rPois rF-- rC-- AC+8}
   (You found it on level 2 of the Dungeon)

   [amulet of nothing]

   AC:        It affects your AC (+8).
   rF:        It makes you very vulnerable to fire.
   rC:        It makes you very vulnerable to cold.
   rPois:     It protects you from poison.
 c - a ring of protection from fire
 e - a +4 ring of protection
 h - a ring of fire
Scrolls
 a - a scroll of revelation {unknown}
Potions
 f - a potion of cancellation {unknown}
 g - a potion of lignification {unknown}

Dungeon Overview and Level Annotations

Branches:
Dungeon (3/15)

Altars:
Uskayaw

Annotations:
D:3 Grinder


Message History

Grinder gestures at you.
You are unaffected.
You shoot a sling bullet. The sling bullet hits Grinder.
Grinder is heavily wounded.
You shoot a sling bullet. The sling bullet hits Grinder.
Grinder is severely wounded.
Grinder gestures at you.
You suddenly lose the ability to move!
Grinder hits you.
You writhe in agony.
Grinder says, "Wait up."
Grinder gestures at you. Pain shoots through your body!
You can move again.
You shoot a sling bullet.
The sling bullet closely misses Grinder.
Grinder gestures at you. You resist with significant effort.
You shoot a sling bullet. The sling bullet barely misses Grinder.
Grinder barely misses you.
You shoot a sling bullet. The sling bullet hits Grinder.
Grinder is severely wounded.
Grinder hits you but does no damage.
You shoot a sling bullet.
The sling bullet closely misses Grinder.
Grinder barely misses you. Grinder gestures at you.
You resist with significant effort.
You shoot a sling bullet. The sling bullet barely misses Grinder.
Grinder blinks!
You shoot a sling bullet.
The sling bullet hits Grinder but does no damage.
Grinder is severely wounded.
Grinder gestures at you. Pain shoots through your body!
You shoot a sling bullet.
The sling bullet hits Grinder but does no damage.
Grinder is severely wounded.
You shoot a sling bullet. The sling bullet hits Grinder.
Grinder is severely wounded.
Grinder hits you but does no damage. Grinder hits you!
You die...

#####+##..#........##.#
#.....#..##..#.##..
#####)#...#..#.####
###<##'##...%...####
#...)....#.#..#.##..
#.#.#.........#..#.#
###.. #....#.##.#..#.#
#...5##....#.##.#....#
#....@.....#.##.##....
#....##....#....##.#.#
#.... ####.......#...#
###.# #.#####.#.### #.
#.. .#.# #. #### ..# #
##


You could see Grinder.

Vanquished Creatures
  6 adders
  4 worms
  An orc (D:3)
  7 bats
  3 endoplasms
  A giant cockroach (D:2)
  4 goblins
  4 hobgoblins
  2 quokkas
  4 ball pythons
  5 frilled lizards
  4 kobolds
  3 rats
48 creatures vanquished.

Notes
Turn   | Place    | Note
-------+----------+-------------------------------------------
     0 | D:1      | qw the Gargoyle Hexslinger began the quest for the Orb.
     0 | D:1      | Reached XP level 1. HP: 12/12 MP: 2/2
     0 | D:1      | 0 ||| qw: Version: 0.3-a-52-g30416fa
     0 | D:1      | 0 ||| qw: Game counter: 6876
     0 | D:1      | 0 ||| qw: Melee chars always use a shield: true
     0 | D:1      | 0 ||| qw: God list: Okawaru
     0 | D:1      | 0 ||| qw: Allow faded altars: false
     0 | D:1      | 0 ||| qw: Do Orc after clearing Dungeon:15 true
     0 | D:1      | 0 ||| qw: Do second Lair branch before Depths: true
     0 | D:1      | 0 ||| qw: Lair rune preference: random
     0 | D:1      | 0 ||| qw: Goals: Normal
     0 | D:1      | 0 ||| PLANNING D:1-11
   389 | D:1      | 389 ||| UPGRADING to +0 ring mail.
   399 | D:1      | 399 ||| DROPPING +0 robe.
   400 | D:1      | 400 ||| READING scroll labelled FUTIANKIRUP.
   401 | D:1      | 401 ||| DROPPING scroll of poison.
   436 | D:2      | Reached XP level 2. HP: 16/16 MP: 3/3
   511 | D:2      | Reached skill level 3 in Ranged Weapons
   519 | D:2      | 519 ||| FLEEEEING.
   563 | D:2      | 563 ||| FLEEEEING.
   564 | D:2      | 564 ||| FLEEEEING.
   565 | D:2      | 565 ||| FLEEEEING.
   619 | D:2      | 619 ||| Stepping ~*~*~tactically~*~*~ (outnumbered).
   627 | D:2      | Reached XP level 3. HP: 15/21 MP: 4/4
   661 | D:2      | Found the amulet of Elemental Vulnerability {rPois rF--
                  | rC-- AC+8}
   841 | D:2      | Reached XP level 4. HP: 26/26 MP: 5/5
  1012 | D:2      | Reached skill level 4 in Ranged Weapons
  1324 | D:2      | Reached skill level 1 in Armour
  1376 | D:2      | 1376 ||| UPGRADING to amulet of Elemental Vulnerability
                  | {rPois rF-- rC-- AC+8}.
  1381 | D:2      | 1381 ||| READING scroll labelled WUICRI WI PEU.
  1382 | D:2      | 1382 ||| READING scroll labelled ISAITI ZETRYS.
  1535 | D:3      | Found a hide-covered altar of Uskayaw.
  1670 | D:3      | Noticed Grinder
  1678 | D:3      | Paralysed by Grinder for 2 turns
  1696 | D:3      | Paralysed by Grinder for 2 turns
  1697 | D:3      | HP: 5/26 [Grinder/nerve-wracking pain (2)]
  1703 | D:3      | HP: 4/26 [Grinder/nerve-wracking pain (3)]
  1705 | D:3      | Slain by Grinder

Levels and vault maps discovered:
D:1:      minmay_arrival_open_corners, layout_rooms
D:2:      layout_basic, minmay_pentomino_pile
D:3:      layout_basic, mainiacjoe_overflow_brackets, gammafunk_ghost_grave,
          nicolae_kite_square_tiling_tiny, uniq_natasha, uniq_grinder,
          uniq_crazy_yiuf_cottage

Skill      XL: |  1  2  3  4 |
---------------+-------------+-----
Ranged Weapons | 3 4 |  4.3
Fighting       | 2 |  2.2
Armour         | 1 |  1.1
Dodging        | |  1.5
Spellcasting   | |  1.0
Hexes          | |  2.6

Action                     |  1- 3 |  4- 6 || total
---------------------------+-------+-------++-------
   Fire: Sling             |    95 |   141 ||   236
    Use: Scroll            |     1 |     2 ||     3
 Armour: Robe              |     2 |       ||     2
         Ring mail         |    27 |    53 ||    80
  Dodge: Dodged            |    41 |    52 ||    93

Table legend:
 A = Non-vault XP
 B = Vault XP
 C = Vault XP percentage of total XP
 D = Non-vault monster count
 E = Vault monster count
 F = Vault count percentage of total count
                 A         B        C        D         E       F
            +---------+---------+-------+---------+---------+-------
      Total |     156 |       6 |   3.7 |      43 |       5 |  10.4
            +---------+---------+-------+---------+---------+-------
        D:1 |       8 |       0 |   0.0 |       5 |       0 |   0.0
        D:2 |     113 |       6 |   5.0 |      26 |       5 |  16.1
        D:3 |      35 |       0 |   0.0 |      12 |       0 |   0.0
            +---------+---------+-------+---------+---------+-------
